AoeStats
← 半生孑

Arena

507728286Analyzed
3v3 RM · 12d ago on Sep 19, 2026· 54m 39s· 6 players
Game mode
Random Map
Map size
Normal (6 player)
Population
200
Speed
Normal
Resources
Standard
Victory
Conquest
Starting age
Dark Age
Ending age
Imperial Age
RankedLock teamsTeams togetherTeam positionsShared explorationLock speedFull tech treeHidden civsTurbo modeCheats
Victory
Defeat
1206
+16
🇨🇳 Teutons · China
1198
+16
🇨🇳 Britons · China
1193
+16
🇬🇷 Poles · Greece
1217
-17
🇦🇷 Italians · Argentina
1192
-16
🇹🇷 Dravidians · Türkiye
1177
-15
Marianob04
10:11 Feudal Age
13:59 Castle Age
12:27 Double-Bit Axe
14:07 Loom
17:20 Bow Saw
18:18 Fletching
26:56 Imperial Age
24:52 Horse Collar
25:51 Bodkin Arrow
25:58 Padded Archer Armor
25:28 Elite Skirmisher
28:51 Leather Archer Armor
30:38 Wheelbarrow
31:22 Bodkin Arrow
32:38 Bracer
34:22 Chemistry
35:09 Thumb Ring
37:16 Ring Archer Armor
37:15 Ballistics
39:39 Crossbowman
42:57 Gold Mining
46:51 Town Watch
M@nte
10:34 Feudal Age
11:21 Double-Bit Axe
15:32 Loom
18:03 Castle Age
16:24 Stone Mining
16:35 Horse Collar
18:17 Gold Mining
19:16 Bow Saw
19:07 Heavy Plow
20:19 Town Watch
23:02 Stone Shaft Mining
30:55 Imperial Age
29:02 Wheelbarrow
29:02 Squires
29:08 Town Patrol
29:29 Bloodlines
29:50 Treadmill Crane
30:30 Ballistics
30:06 Murder Holes
30:21 Masonry
30:22 Fortified Wall
30:21 Scale Barding Armor
30:00 Light Cavalry
30:42 Husbandry
31:38 Chain Barding Armor
31:29 Forging
31:37 Hand Cart
32:16 Conscription
32:31 Scale Mail Armor
32:21 Fletching
32:03 Winged Hussar
32:51 Szlachta Privileges
32:15 Cavalier
32:54 Fletching
34:04 Iron Casting
35:14 Chemistry
36:23 Blast Furnace
36:08 Bodkin Arrow
36:15 Padded Archer Armor
35:56 Crossbowman
37:29 Thumb Ring
37:46 Bracer
38:51 Crop Rotation
38:14 Arbalester
42:43 Leather Archer Armor
42:28 Scale Mail Armor
47:02 Chain Mail Armor
47:42 Hoardings
47:41 Elite Obuch
49:59 Plate Mail Armor
50:24 Siege Engineers
50:55 Coinage
ikaradayi976
8:51 Loom
8:55 Loom
11:44 Feudal Age
15:29 Castle Age
14:12 Double-Bit Axe
14:44 Horse Collar
19:53 Wheelbarrow
20:10 Bow Saw
21:03 Heavy Plow
22:11 Gold Mining
22:55 Fletching
23:06 Padded Archer Armor
23:39 Bodkin Arrow
24:40 Leather Archer Armor
25:29 Medical Corps
26:41 Ballistics
29:38 Hand Cart
29:10 Town Watch
33:06 Imperial Age
30:50 Thumb Ring
34:20 Conscription
35:12 Two-Man Saw
33:46 Elite Elephant Archer
36:07 Bracer
37:27 Chemistry
37:58 Ring Archer Armor
39:37 Stone Mining
41:23 Elite Skirmisher
42:45 Scale Mail Armor
42:55 Forging
45:11 Chain Mail Armor
45:31 Iron Casting
48:38 Wootz Steel
48:51 Plate Mail Armor
49:22 Blast Furnace
49:27 Pikeman
50:07 Squires
51:06 Halberdier
大清第一巴图鲁
11:03 Feudal Age
12:06 Double-Bit Axe
12:03 Horse Collar
15:10 Castle Age
16:07 Bow Saw
16:21 Heavy Plow
20:45 Wheelbarrow
22:10 Gold Mining
22:49 Hand Cart
24:44 Gold Shaft Mining
24:24 Stone Mining
25:42 Scale Barding Armor
25:47 Forging
26:15 Treadmill Crane
26:52 Masonry
26:52 Siege Engineers
29:58 Imperial Age
27:20 Loom
28:25 Stone Shaft Mining
28:24 Chain Barding Armor
29:13 Iron Casting
29:24 Fortified Bastions
29:56 Ballistics
29:58 Husbandry
30:09 Bloodlines
31:11 Conscription
31:45 Plate Barding Armor
32:10 Blast Furnace
32:23 Two-Man Saw
31:12 Elite Steppe Lancer
33:03 Chemistry
35:22 Hoardings
51:47 Blast Furnace
50:37 Fletching
52:15 Arrowslits
53:01 Architecture
半生孑
12:15 Feudal Age
16:11 Castle Age
17:12 Double-Bit Axe
17:10 Horse Collar
19:44 Wheelbarrow
19:56 Town Watch
21:25 Bow Saw
21:26 Heavy Plow
23:28 Gold Mining
23:57 Hand Cart
26:03 Stone Mining
30:26 Imperial Age
28:54 Ballistics
28:53 Fletching
29:03 Padded Archer Armor
30:01 Fortified Wall
30:02 Masonry
29:48 Elite Skirmisher
31:44 Crenellations
31:46 Conscription
32:35 Chemistry
31:44 Bodkin Arrow
32:05 Leather Archer Armor
37:52 Ring Archer Armor
39:03 Guard Tower
40:28 Two-Man Saw
40:09 Stone Shaft Mining
40:06 Crop Rotation
39:56 Squires
39:41 Arson
39:19 Elite Teutonic Knight
40:18 Scale Mail Armor
40:29 Forging
41:42 Bombard Tower
45:53 Chain Mail Armor
46:14 Iron Casting
50:06 Caravan
49:51 Capped Ram
55:09 Plate Mail Armor
55:39 Blast Furnace
851549245
10:51 Feudal Age
12:47 Loom
15:46 Castle Age
14:19 Double-Bit Axe
14:51 Horse Collar
17:14 Fletching
20:27 Bodkin Arrow
22:21 Gold Mining
23:59 Treadmill Crane
24:47 Fortified Wall
30:14 Imperial Age
28:03 Town Watch
28:59 Heavy Plow
29:11 Bow Saw
30:32 Ballistics
31:31 Masonry
32:50 Bracer
36:22 Onager
36:49 Capped Ram
38:20 Gold Shaft Mining
38:25 Wheelbarrow
37:43 Onager
40:06 Two-Man Saw
40:30 Chemistry
40:32 Hand Cart
40:26 Stone Mining
40:30 Man-at-Arms
40:55 Gambesons
41:11 Squires
40:57 Arson
42:05 Long Swordsman
42:48 Two-Handed Swordsman
44:02 Scale Mail Armor
44:12 Forging
46:05 Chain Mail Armor
46:26 Iron Casting
45:45 Champion
47:53 Plate Mail Armor
49:02 Blast Furnace
52:38 Conscription
Connection lost

Rejoining the realm…

Still unreachable

The connection could not be restored.

Session expired

The server has moved on; the page needs a fresh start.